 Dungeon Crawl Stone Soup version 0.23-a0-839-g6d2b917 (console) character file.

36 bli the Shield-Bearer (level 3, -9/29 HPs)
             Began as a Barachi Fighter on Jan 25, 2019.
             Was an Initiate of Qazlal.
             Mangled by an ogre
             ... wielding a +0 giant club
              (21 damage)
             ... on level 4 of the Dungeon.
             The game lasted 00:04:43 (1248 turns).

bli the Shield-Bearer (Barachi Fighter)             Turns: 1248, Time: 00:04:44

Health: -9/29      AC:  5    Str: 18    XL:     3   Next: 37%
Magic:  3/3        EV:  8    Int:  8    God:    Qazlal [......]
Gold:   114        SH:  9    Dex: 11    Spells: 2/2 levels left

rFire    . . .     SeeInvis .   a - +0 long sword
rCold    . . .     Gourm    .   c - +0 shield
rNeg     . . .     Faith    .   x - +0 ring mail
rPois    .         Spirit   .   (no helmet)
rElec    .         Reflect  .   (no cloak)
rCorr    .         Harm     .   (no gloves)
MR       .....                  (no boots)
Stlth    +.........             (no amulet)
HPRegen  0.09/turn              (no ring)
MPRegen  0.08/turn              (no ring)

@: slow
A: +LOS, swims, slowness 1, strong legs 1
a: Hop, Renounce Religion


You were on level 4 of the Dungeon.
You worshipped Qazlal.
Qazlal was noncommittal.
You were not hungry.

You visited 1 branch of the dungeon, and saw 3 of its levels.

You collected 114 gold pieces.

Inventory:

Hand Weapons
 a - a +0 long sword (weapon)
Missiles
 j - 51 stones (quivered)
 o - 6 javelins
 p - 36 poisoned needles
 q - a throwing net
Armour
 b - a +0 scale mail
 c - a +0 shield (worn)
 h - a +0 chain mail
 m - a +0 leather armour
 x - a +0 ring mail (worn)
Scrolls
 g - a scroll of random uselessness {unknown}
 i - 2 scrolls of identify {unknown}
 k - a scroll of fog {unknown}
 n - a scroll of teleportation {unknown}
 s - a scroll of remove curse {unknown}
 w - a scroll of amnesia {unknown}
 y - a scroll of enchant weapon {unknown}
Potions
 d - 3 potions of might
 e - a potion of haste {unknown}
 l - 4 potions of curing {unknown}
 t - a potion of flight {unknown}
 u - 2 potions of mutation {unknown}
 v - a potion of resistance {unknown}
Comestibles
 f - 5 rations


   Skills:
 * Level 3.6 Fighting
 + Level 3.3 Long Blades
 + Level 4.0 Armour
 - Level 4.0 Shields


You had 2 spell levels left.
You didn't know any spells.
Your spell library was empty.

Dungeon Overview and Level Annotations

Branches:
Dungeon (2/15)

Altars:
Qazlal
The Shining One


Innate Abilities, Weirdness & Mutations

Shadows flee at your approach. (+LOS)
You can swim through water.
You cover ground slowly.
You can hop short distances.


Message History

Found a scale mail.
Found a stone staircase leading down.
All of the chunks of flesh in your inventory have rotted away.
There is a stone staircase leading down here.
You slash the ogre!
The ogre is moderately wounded.
The ogre hits you with a +0 giant club!!
Ouch! That really hurt!
Your shield and ring mail prevent you from hitting the ogre.
The ogre is moderately wounded.
The ogre barely misses you.
You riposte.
You slash the ogre!
The ogre is severely wounded.
You barely miss the ogre.
The ogre is severely wounded.
You block the ogre's attack.
You hit the ogre.
The ogre is severely wounded.
The ogre hits you with a +0 giant club!!
Ouch! That really hurt!
You die...

# # .# # #.. ## .# # .. #.
.# # #.## #. ># # ..###
#.##.# # #...# #.#.. #
#...####.#.# ##
#....##.%..# ...
##....##.#.# .>..
####......#..@# .....
####....###....O####......
..........................
##...#######...##O#.......
...### #......## .....
.### #..##...#...... .###
#..#......# ...#
#######..#.#......#
...###..........#.....##
........##.#.###..#.#.#
.........#.#.#...##...#


You could see an ogre.

Vanquished Creatures
  A worm (D:2)
  2 dart slugs (D:1)
  A leopard gecko (D:1)
  A ball python (D:2)
  4 bats
  2 giant cockroaches (D:1)
  3 hobgoblins
  A quokka (D:2)
  A frilled lizard (D:2)
  4 goblins
  2 kobolds (D:1)
  5 rats
27 creatures vanquished.

Notes
Turn   | Place    | Note
-------+----------+-------------------------------------------
     0 | D:1      | bli the Barachi Fighter began the quest for the Orb.
     0 | D:1      | Reached XP level 1. HP: 18/18 MP: 1/1
   146 | D:1      | Reached XP level 2. HP: 18/24 MP: 2/2
   711 | D:2      | Reached XP level 3. HP: 22/29 MP: 3/3
   802 | D:2      | Found a glowing golden altar of the Shining One.
  1159 | D:2      | You fall through a shaft for 2 floors!
  1194 | D:4      | Found a stormy altar of Qazlal.
  1203 | D:4      | Became a worshipper of Qazlal Stormbringer
  1237 | D:4      | Noticed an ogre
  1248 | D:4      | Mangled by an ogre

Vault maps used:
D:1:      dpeg_arrival_yet_another_circle, minmay_bisected
D:2:      tso_metal_star, first_ration, fountainhead
D:4:      bloody_trog, nicolae_qazlal_eye_of_the_storm

Skill      XL: |  1  2  3 |
---------------+----------+-----
Shields        | 4 |  4.0
Long Blades    | 3 |  3.3
Armour         | 4 |  4.0
Fighting       | |  3.6

Action                   || total
-------------------------++-------
Melee: Long sword        ||    97
Throw: Stone             ||     1
  Eat: Chunk             ||     2
Armor: Scale mail        ||    24
       Leather armour    ||     6
       Chain mail        ||    13
       Ring mail         ||     2
Dodge: Dodged            ||    27
Block: Shield            ||    58
       Rpst.: Long sword ||    14

Table legend:
 A = Non-vault XP
 B = Vault XP
 C = Vault XP percentage of total XP
 D = Non-vault monster count
 E = Vault monster count
 F = Vault count percentage of total count
                 A         B        C        D         E       F
            +---------+---------+-------+---------+---------+-------
      Total |      50 |       2 |   3.8 |      25 |       2 |   7.4
            +---------+---------+-------+---------+---------+-------
        D:1 |      27 |       2 |   6.9 |      13 |       2 |  13.3
        D:2 |      23 |       0 |   0.0 |      12 |       0 |   0.0
            +---------+---------+-------+---------+---------+-------
